 Dungeon Crawl Stone Soup version 0.31-a0-1612-g4aaf141 (webtiles) character file.

Game seed: 13715672033258754335

37 PidgeyThePirate the Trooper (level 3, -4/29 HPs)
             Began as a Demonspawn Chaos Knight on Jan 9, 2024.
             Was a Plaything of Xom.
             Slain by a gnoll
             ... wielding a +0 halberd
              (7 damage)
             ... on level 4 of the Dungeon.
             The game lasted 00:02:27 (930 turns).

PidgeyThePirate the Trooper (DsCK)                   Turns: 930, Time: 00:02:28

Health: -4/29      AC:  5    Str: 12    XL:     3   Next: 23%
Magic:  3/3        EV: 11    Int: 14    God:    Xom [..*...]
Gold:   94         SH:  0    Dex: 12    Spells: 2/2 levels left

rFire   . . .        a - +0 short sword (chaos)
rCold   . . .        h - orb {mayhem}
rNeg    . . .        b - +2 leather armour
rPois   .            (helmet restricted)
rElec   +            (no cloak)
rCorr   .            (no gloves)
SInv    .            (no boots)
Will    .....        (no amulet)
Stlth   +            (no ring)
HPRegen 0.24/turn    (no ring)
MPRegen 0.08/turn

%: mayhem
@: brilliant, attractive
A: antennae 1, ignite blood 1, deterioration 1, electricity resistance,
inability to drink after injury 1
a: Renounce Religion


You were on level 4 of the Dungeon.
You worshipped Xom.
You were a toy of Xom.
You visited 1 branch of the dungeon, and saw 3 of its levels.

You collected 94 gold pieces.

Inventory:

Hand Weapons
 a - a +0 short sword of chaos (weapon)
Armour
 b - a +2 leather armour (worn)
 h - an orb of mayhem (worn)
Scrolls
 d - 3 scrolls of identify {unknown}
 i - a scroll of enchant armour {unknown}
Potions
 e - a potion of mutation
 g - a potion of brilliance


   Skills:
 + Level 3.5 Fighting
 * Level 3.3 Short Blades
 + Level 2.1 Armour
 + Level 0.9 Dodging


You had 2 spell levels left.
You didn't know any spells.
Your spell library was empty.

Dungeon Overview and Level Annotations

Branches:
Dungeon (2/15)

Altars:

Shops:
D:4 (


Innate Abilities, Weirdness & Mutations

You have a pair of small antennae on your head.
Your demonic aura sometimes causes spilled blood to erupt in flames.
Your body sometimes deteriorates upon taking damage.
You are resistant to electric shocks. (rElec)
You occasionally lose the ability to drink potions when taking damage.


Message History

You feel more clever all of a sudden.
Xom thinks this is hilarious!
It was a potion of attraction.
You feel attractive to monsters. The gnoll closely misses you.
The gnoll hits you from afar with a +0 halberd!
* * * LOW HITPOINT WARNING * * *
The gnoll is attracted toward you. x2; The hobgoblin is attracted toward you.
Something is attracted toward you.
Okay, then.
Okay, then.
You don't know any spells.
You aren't wearing any rings or amulets.
You aren't wearing any rings or amulets.
Unknown command.
As you read the scroll of butterflies, it crumbles to dust.
You hear the flapping of tiny wings.
The gnoll is knocked back by the sudden gust. x3
The gnoll hits your butterfly with a +0 flail!
Your butterfly dies!
Your butterfly disappears in a burst of colours!
The gnoll completely misses your butterfly.
The gnoll is attracted toward you.
You swap places.
Your butterfly disappears in a puff of smoke!
Your butterfly is engulfed in blazing flames.
You kill your butterfly!
Your butterfly disappears in a burst of colours!
Your butterfly is engulfed in blazing flames.
You kill your butterfly!
Your butterfly disappears in a burst of colours!
Your butterfly is engulfed in blazing flames.
You kill your butterfly!
Your butterfly disappears in a burst of colours!
The gnoll hits your butterfly with a +0 flail.
Your butterfly dies!
Your butterfly disappears in a burst of colours!
The gnoll hits you from afar with a +0 halberd!
You die...
Xom snickers!

#............#. ##
#.............. #.
....$..........
####b###b.#.........(..
#...bbb.#.b..b......~.~
#..b.bb.b...b......≈≈.~
.#..bbbb.#bb.....bbb≈~∩~
..$bbbb@.b..b....g..≈≈≈≈
.#....b.○g§#####.#{#g≈≈≈
#######g○## ##.#gg....
#g######g.##gg...
#g##.gg..## .....
#g#..##### ..... ##.#.##
#.... ########..§.# ....
#.........###


You could see 4 gnolls and a hobgoblin.

Vanquished Creatures
  2 adders
  A dart slug (D:2)
  A ball python (D:1)
  An endoplasm (D:1)
  A giant cockroach (D:2)
  3 goblins
  3 hobgoblins
  A quokka (D:1)
  A bat (D:2)
  A kobold (D:1)
  3 rats
18 creatures vanquished.

Vanquished Creatures (others)
  A hobgoblin (D:2)
1 creature vanquished.

Grand Total: 19 creatures vanquished

Notes
Turn   | Place    | Note
-------+----------+-------------------------------------------
     0 | D:1      | PidgeyThePirate the Demonspawn Chaos Knight began the quest
                  | for the Orb.
     0 | D:1      | Reached XP level 1. HP: 18/18 MP: 1/1
   291 | D:1      | XOM: silly message
   417 | D:1      | XOM: silly message
   444 | D:1      | Gained mutation: You have a pair of small antennae on your
                  | head. [demonic ancestry]
   444 | D:1      | Reached XP level 2. HP: 20/24 MP: 2/2
   677 | D:1      | XOM: silly message
   876 | D:2      | You fall into a shaft and drop 2 floors!
   897 | D:4      | Found Zuili's Weapon Boutique.
   906 | D:4      | XOM: butterfly on damage
   908 | D:4      | Gained mutation: Your demonic aura sometimes causes spilled
                  | blood to erupt in flames. [demonic ancestry]
   908 | D:4      | Reached XP level 3. HP: 10/29 MP: 3/3
   925 | D:4      | Gained mutation: Your body sometimes deteriorates upon
                  | taking damage. [potion of mutation]
   925 | D:4      | Gained mutation: You are resistant to electric shocks.
                  | (rElec) [potion of mutation]
   925 | D:4      | Gained mutation: You occasionally lose the ability to drink
                  | potions when taking damage. [potion of mutation]
   926 | D:4      | XOM: potion effect (brilliance)
   930 | D:4      | Slain by a gnoll

Illustrated notes

Levels and vault maps discovered:
D:1:      grunt_arrival_crossed_arrows, layout_basic
D:2:      layout_rooms, basic_altar, kennysheep_generic_room_9
D:4:      layout_rooms, amethyst_overflow_temple_binary, serial_shops,
          nicolae_shop_waterfront, kennysheep_windowed_goal

Skill      XL: |  1  2 |
---------------+-------+-----
Armour         | 2 |  2.1
Short Blades   | 3 |  3.3
Fighting       | |  3.5
Dodging        | |  0.9

Action                     || total
---------------------------++-------
  Melee: Short sword       ||    57
    Use: Potion            ||     3
         Scroll            ||     1
   Stab: Distracted        ||     1
 Armour: Leather armour    ||    41
  Dodge: Dodged            ||    29

Table legend: (Time is in decaauts)
 A = Elapsed time spent in this place.
 B = Non-inter-level travel time spent in this place.
 C = Inter-level travel time spent in this place.
 D = Time resting spent in this place.
 E = Time spent auto-exploring this place.
 F = Levels seen in this place.
 G = Mean time per level.
                   A        B        C        D        E       F      G
               +--------+--------+--------+--------+--------+-----+--------+
         Total |    921 |    908 |     13 |      0 |    734 |   3 |  307.0 |
       Dungeon |    921 |    908 |     13 |      0 |    734 |   3 |  307.0 |
               +--------+--------+--------+--------+--------+-----+--------+

Top non-repeatable levels by time:
     D:1: 777 daAuts
     D:2: 91 daAuts
     D:4: 52 daAuts
